 Dungeon Crawl Stone Soup version 0.27.1-2-g3b301248ec (console) character file.

Game seed: 10628084867395587176

8908 Banquo the Cleaver (level 11, -9/78 HPs)
             Began as a Djinni Berserker on Oct 2, 2021.
             Was an Elder of Trog.
             Hit by a javelin thrown by a minotaur (25 damage)
             ... in a Gauntlet.
             The game lasted 00:39:20 (13195 turns).

Banquo the Cleaver (Djinni Berserker)              Turns: 13195, Time: 00:39:20

Health: -9/78      AC: 15    Str: 23    XL:     11   Next: 64%
Gold:   1536       EV:  7    Int: 17    God:    Trog [****..] SH: 10 Dex: 19

rFire    + . .     SeeInvis .   a - +9 broad axe {venom, rC+ Dex+7 Stlth-}
rCold    + + +     Faith    +   i - +0 kite shield
rNeg     . . .     Spirit   .   d - +0 plate armour
rPois    ∞         Reflect  .   (no helmet)
rElec    .         Harm     .   (no cloak)
rCorr    .         Rampage  .   g - +0 pair of gloves {Str+3}
Will     +....     NoTele   +   (boots unavailable)
Stlth    ..........             u - amulet of faith
HPRegen  0.23/turn              e - ring of protection from cold
MPRegen  0.00/turn              D - ring "Uppi" {rPois rF- rC+++ Str+4 Int+4}

@: flying
A: sickness immunity, fire resistance 2, cold vulnerability 1, float, innate
caster, hp casting, extra vitality 1
a: Renounce Religion, Berserk, Trog's Hand, Brothers in Arms


You were in a Gauntlet.
You worshipped Trog.
Trog was greatly pleased with you.
You visited 3 branches of the dungeon, and saw 11 of its levels.
You also visited: Sewer and Gauntlet.

You collected 1706 gold pieces.
You spent 170 gold pieces at shops.

Inventory:

Hand Weapons
 a - the +9 broad axe of Uhezoduk (weapon) {venom, rC+ Dex+7 Stlth-}
   (You acquired it in a sewer)

   It poisons the flesh of those it strikes.
   Dex:       It affects your dexterity (+7).
   rC:        It protects you from cold.
   Stlth:     It makes you less stealthy.
 b - the +4 war axe of Zunkerew {freeze, rF+ rC+ Str-4}
   (You found it on level 6 of the Dungeon)

   It freezes those it strikes, dealing additional cold damage.
   It can also slow down cold-blooded creatures.
   Str:       It affects your strength (-4).
   rF:        It protects you from fire.
   rC:        It protects you from cold.
 c - a +1 war axe
 w - a +1 vorpal spear
 y - a +0 flail of protection
 A - a +1 whip of freezing
Missiles
 l - 21 poisoned darts (quivered)
 m - a throwing net
 p - 77 stones
Armour
 d - a +0 plate armour (worn)
 g - a +0 pair of gloves of strength (worn)
 i - a +0 kite shield (worn)
 r - a +0 pair of gloves
Jewellery
 e - a ring of protection from cold (left hand)
 u - an amulet of faith (around neck)
 D - the ring "Uppi" (right hand) {rPois rF- rC+++ Str+4 Int+4}
   (You found it on level 8 of the Dungeon)

   [ring of poison resistance]

   Str:       It affects your strength (+4).
   Int:       It affects your intelligence (+4).
   rF:        It makes you vulnerable to fire.
   rC:        It renders you almost immune to cold.
   rPois:     It protects you from poison.
Wands
 k - a wand of mindburst (16)
 t - a wand of acid (8)
 C - a wand of paralysis (11)
 G - a wand of flame (9)
Scrolls
 f - 2 scrolls of identify
 h - 5 scrolls of teleportation
 j - a scroll of holy word
 q - 6 scrolls of enchant armour
 v - a scroll of fog
 z - a scroll of blinking {unknown}
Potions
 o - 4 potions of curing
 s - 5 potions of heal wounds
 x - a potion of might
 H - 2 potions of lignification
Miscellaneous
 n - a phial of floods


   Skills:
 + Level 6.5 Fighting
 + Level 11.0 Axes
 * Level 9.2 Armour
 + Level 4.6 Dodging
 * Level 3.3 Shields


You couldn't memorise any spells.
You knew the following spells:

 Your Spells              Type           Power      Damage    Failure   Level
a - Animate Skeleton      Necr           0%         N/A       100%        1
b - Corpse Rot            Necr/Air       N/A        N/A       100%        2
c - Ensorcelled Hibernat  Hex/Ice        0%         N/A       100%        2
d - Swiftness             Air            0%         N/A       100%        3
e - Lee's Rapid Deconstr  Erth           0%         3d5*      100%        5
Your spell library was empty.


Dungeon Overview and Level Annotations

Branches:
Dungeon (9/15)             Temple (1/1) D:6            Lair (1/6) D:8
    Orc (0/2) D:9           Sewer (visited)         Gauntlet (1/1)

Altars:
Ashenzari
Cheibriados
Dithmenos
Elyvilon
Fedhas
Gozag
Hepliaklqana
Kikubaaqudgha
Makhleb
Nemelex Xobeh
Okawaru
Qazlal
Ru
Sif Muna
Trog
Uskayaw
Vehumet
Wu Jian
Xom
Yredelemnul
Zin

Shops:
D:1 *   D:2 :   D:4 ?

Annotations:
D:4 3 runed translucent doors, Flure's ghost, amateur DrTm; HenryVIII's ghost, weakling MiBe; bobkasz2's ghost, amateur OpFi Gauntlet 12 transporters


Innate Abilities, Weirdness & Mutations

You are immune to sickness and miasma.
You are immune to poison.
Your flesh is very heat resistant. (rF++)
You are vulnerable to cold. (rC-)
You float through the air rather than walking.
You learn spells naturally, not from books.
Your magical power is your life essence.
You have superior vitality. (+4 HP)


Message History

You feel the effects of Trog's Hand fading.
u - an amulet of faith Your skin stops crawling.
You feel less strong-willed.
There is a transporter here.
z - a scroll labelled HILAIP SIWKUA You now have 1536 gold pieces (gained 23).
You feel yourself speed up.
There is a transporter here.
Unknown command.
You start putting on your amulet.
You continue putting on your amulet of faith. x5
You finish putting on your amulet of faith.
You feel a surge of divine interest.
u - an amulet of faith (around neck)
You recover from your berserk rage.
There is a transporter here.
Okay, then.
Unknown command.
Unknown command.
You enter the transporter and appear at another place.
The wolf spider hisses angrily.
The entropy weaver shouts!
The jumping spider hisses angrily.
A minotaur comes into view.
It is wielding the +4 broad axe "Djinni's Doom" {antimagic, *Rage rF++ rC+ Will+}.
Unknown command.
Unknown command.
You fail to use your ability.
You fail to use your ability.
Your black bear goes berserk!
You hear a bellow!
Your black bear rages.
Your black bear rages.
The minotaur bellows!
Your black bear rages.
The minotaur throws a javelin.
The javelin pierces through you!!
The minotaur throws a javelin.
The javelin pierces through you!!
* * * LOW HITPOINT WARNING * * *
Unknown command.
The minotaur throws a javelin.
The javelin pierces through you!!
You die...

....................≈∩≈..........
#################################
#8# #8# #8##≈...............≈##8
### ### ####8..©.©.©.©.©.©..8###
#§...............≈#
###.#.#######.#.###
#.#..h.#....#.# #.#.##.#.##.#.#
#.@....H......# #.#..##'##..#.#
#.#..# #..#.# #....# #....#
###8.# #.8### #### ####


You could see a minotaur (ally target) and a friendly black bear (summoned,
berserk).

Vanquished Creatures
  2 glowing orange brains (Gauntlet)
  Pikel (D:6)
  An ugly thing (Gauntlet)
  3 elephants (Gauntlet)
  A torpor snail (Gauntlet)
  3 trolls (D:9)
  Grinder (D:6)
  6 yaks
  2 steam dragons
  2 swamp worms (Gauntlet)
  2 orc warriors
  Purgy (Sewer)
  An ogre (D:7)
  3 sky beasts
  A black bear (D:5)
  An ice beast (D:7)
  2 necrophages (D:5)
  A phantom (D:6)
  A centaur (D:9)
  3 kobold brigands
  3 bullfrogs (D:7)
  A wyvern zombie (D:7)
  2 gnoll sergeants (D:9)
  5 scorpions
  2 water moccasin zombies
  A wyvern skeleton (D:7)
  A water moccasin skeleton (D:6)
  2 killer bees
  A wight (D:9)
  A howler monkey (D:7)
  2 centaur zombies
  A bullfrog zombie (D:6)
  A jelly (D:7)
  4 hounds
  2 gnoll shamans
  2 orc priests
  2 centaur skeletons
  A bullfrog skeleton (D:5)
  An iguana (D:6)
  Natasha (thrice) (D:3)
  7 orc wizards
  2 killer bee zombies
  A hound skeleton (D:3)
  A howler monkey skeleton (D:7)
  7 adders
  16 gnolls
  2 shadow imps (D:8)
  3 white imps
  An ufetubus (D:7)
  5 adder skeletons
  A worm (D:4)
  5 dart slugs
  15 orcs
  3 endoplasms
  7 giant cockroaches
  9 goblins
  6 hobgoblins
  9 jackals
  A quokka (D:2)
  4 ball pythons (D:1)
  9 bats
  A frilled lizard (D:3)
  25 kobolds
  A quokka zombie (D:3)
  9 rats
226 creatures vanquished.

Vanquished Creatures (others)
  An orc (D:8)
  9 fungi
  A plant (D:7)
  6 withered plants
17 creatures vanquished.

Grand Total: 243 creatures vanquished

Notes
Turn   | Place    | Note
-------+----------+-------------------------------------------
     0 | D:1      | Banquo the Djinni Berserker began the quest for the Orb.
     0 | D:1      | Reached XP level 1. HP: 20/20 MP: 0/0
   150 | D:1      | Reached XP level 2. HP: 21/25 MP: 0/0
   346 | D:1      | Reached skill level 3 in Axes
   600 | D:1      | Reached XP level 3. HP: 30/30 MP: 0/0
   600 | D:1      | Learned a level 1 spell: Animate Skeleton
   812 | D:1      | Found a faded altar of an unknown god.
  1044 | D:1      | Found Joips's Assorted Antiques.
  1047 | D:1      | Reached ** piety under Trog
  1735 | D:2      | Reached XP level 4. HP: 35/35 MP: 0/0
  1747 | D:2      | HP: 1/35 [something (3)]
  1754 | D:2      | Reached XP level 5. HP: 36/40 MP: 0/0
  1754 | D:2      | Learned a level 2 spell: Corpse Rot
  1932 | D:2      | Reached skill level 4 in Axes
  2160 | D:2      | Found Gajyiq's Book Shoppe.
  2229 | D:1      | Bought a glowing brown potion for 20 gold pieces
  2229 | D:1      | Bought a scroll labelled IVVOUM BEOTOA for 23 gold pieces
  2229 | D:1      | Bought a silvery potion for 20 gold pieces
  2229 | D:1      | Bought a scroll labelled LEIL MANUFFE for 23 gold pieces
  2713 | D:3      | Noticed Natasha
  2718 | D:3      | Killed Natasha
  2785 | D:3      | Noticed Natasha
  2794 | D:3      | Killed Natasha
  2888 | D:3      | Reached XP level 6. HP: 44/47 MP: 0/0
  3097 | D:3      | Noticed Natasha
  3102 | D:3      | Killed Natasha
  3206 | D:3      | Reached *** piety under Trog
  3714 | D:4      | Found a runed translucent gate.
  3714 | D:4      | Found a runed translucent gate.
  3714 | D:4      | Found a runed translucent gate.
  3718 | D:4      | Noticed Flure's ghost (amateur DrTm)
  3718 | D:4      | Noticed bobkasz2's ghost (amateur OpFi)
  3718 | D:4      | Noticed HenryVIII's ghost (weakling MiBe)
  3925 | D:4      | Reached skill level 5 in Axes
  3974 | D:4      | Found a glowing silver altar of Zin.
  4321 | D:4      | Found Nonao's Magic Scroll Shop.
  4330 | D:4      | Bought a scroll of teleportation for 36 gold pieces
  4330 | D:4      | Bought a scroll of identify for 24 gold pieces
  4330 | D:4      | Bought a scroll of identify for 24 gold pieces
  4502 | D:4      | Reached XP level 7. HP: 50/51 MP: 0/0
  4502 | D:4      | Learned a level 2 spell: Ensorcelled Hibernation
  4724 | D:5      | Entered Level 5 of the Dungeon
  4758 | D:5      | Identified a scroll of acquirement
  4762 | D:5      | Found a stormy altar of Qazlal.
  5025 | D:5      | Reached skill level 6 in Axes
  5120 | D:5      | Reached XP level 8. HP: 49/58 MP: 0/0
  5280 | D:5      | Found a glowing drain.
  5285 | Sewer    | Entered a sewer
  5348 | Sewer    | Noticed Purgy
  5354 | Sewer    | Killed Purgy
  5450 | Sewer    | Acquired 1197 gold pieces
  5452 | Sewer    | Acquired the +9 broad axe of Uhezoduk {venom, rC+ Dex+7
                  | Stlth-}
  5847 | D:5      | Reached **** piety under Trog
  6337 | D:6      | Identified the +4 war axe of Zunkerew {freeze, rF+ rC+
                  | Str-4}
  6346 | D:6      | Reached skill level 7 in Axes
  6417 | D:6      | Noticed Pikel
  6426 | D:6      | Killed Pikel
  6427 | D:6      | Reached skill level 8 in Axes
  6427 | D:6      | Reached XP level 9. HP: 49/64 MP: 0/0
  6427 | D:6      | Learned a level 3 spell: Swiftness
  6536 | D:6      | Found a shimmering altar of Xom.
  6555 | D:6      | Noticed Grinder
  6561 | D:6      | Killed Grinder
  6616 | D:6      | Reached skill level 5 in Armour
  6898 | D:6      | Found a staircase to the Ecumenical Temple.
  6907 | Temple   | Entered the Ecumenical Temple
  7424 | D:6      | Reached skill level 5 in Fighting
  8138 | D:7      | Found a blossoming altar of Fedhas.
  8260 | D:7      | Reached skill level 9 in Axes
  8428 | D:7      | Reached XP level 10. HP: 45/70 MP: 0/0
  8757 | D:7      | You are sucked into a shaft and drop 1 floor!
  8871 | D:7      | Found an ornate altar of the Wu Jian Council.
  9685 | D:8      | Reached skill level 10 in Axes
  9974 | D:8      | Identified the ring "Uppi" {rPois rF- rC+++ Str+4 Int+4}
 10046 | D:8      | Found a staircase to the Lair.
 11354 | D:9      | Found a burning altar of Makhleb.
 11435 | D:9      | Found a staircase to the Orcish Mines.
 11464 | D:9      | Reached skill level 1 in Shields
 11713 | D:9      | Reached XP level 11. HP: 61/76 MP: 0/0
 11713 | D:9      | Learned a level 5 spell: Lee's Rapid Deconstruction
 12434 | Lair:1   | Entered Level 1 of the Lair of Beasts
 12434 | Lair:1   | Found a gate leading to a gauntlet.
 12439 | Gauntlet | Entered a Gauntlet
 12439 | Gauntlet | Found a transporter.
 12448 | Gauntlet | Found a transporter.
 12450 | Gauntlet | Noticed an elephant
 12455 | Gauntlet | Noticed an elephant
 12456 | Gauntlet | Noticed an elephant
 12464 | Gauntlet | Found a transporter.
 12466 | Gauntlet | Noticed a glowing orange brain
 12471 | Gauntlet | Noticed a death scarab
 12471 | Gauntlet | Noticed a glowing orange brain
 12472 | Gauntlet | Found a transporter.
 12473 | Gauntlet | Noticed a death scarab
 12488 | Gauntlet | Found a transporter.
 12506 | Gauntlet | Noticed a white ugly thing
 12507 | Gauntlet | Found a transporter.
 12519 | Gauntlet | Found a transporter.
 12521 | Gauntlet | Noticed a wretched star
 12530 | Gauntlet | Noticed an entropy weaver
 12531 | Gauntlet | Found a transporter.
 12531 | Gauntlet | Noticed a wolf spider
 12539 | Gauntlet | Noticed a dire elephant
 12543 | Gauntlet | Found a transporter.
 12543 | Gauntlet | Noticed an elephant
 12555 | Gauntlet | Found a transporter.
 12572 | Gauntlet | Found a transporter.
 12589 | Gauntlet | Found a transporter.
 12591 | Gauntlet | Found a transporter.
 12619 | Gauntlet | Found a transporter.
 12621 | Gauntlet | Found a transporter.
 12623 | Gauntlet | Found a transporter.
 12663 | Gauntlet | Found a transporter.
 12665 | Gauntlet | Found a transporter.
 12784 | Gauntlet | Killed an elephant
 12789 | Gauntlet | Killed an elephant
 12795 | Gauntlet | Killed an elephant
 13121 | Gauntlet | Killed a glowing orange brain
 13126 | Gauntlet | Killed a white ugly thing
 13131 | Gauntlet | Killed a glowing orange brain
 13132 | Gauntlet | Reached skill level 11 in Axes
 13177 | Gauntlet | Identified the +4 broad axe "Djinni's Doom" {antimagic,
                  | *Rage rF++ rC+ Will+}
 13177 | Gauntlet | Noticed a minotaur
 13195 | Gauntlet | Hit by a javelin thrown by a minotaur

Illustrated notes

Levels and vault maps discovered:
D:1:      tarquinn_simple_flora_water_a, layout_loops_ring, serial_shops,
          nicolae_shop_overgrown_old_shop,
          shapermc_ecumenical_altar_totnotflames, dk_noncrumbling_2
D:2:      layout_basic, serial_shops, nicolae_square_shop
D:3:      layout_loops_corners, serial_undead, serial_undead_f, serial_undead_a,
          serial_undead_e, serial_undead_e, uniq_natasha
D:4:      layout_basic, mainiacjoe_overflow_surrounded_room,
          gammafunk_ghost_cemetery, serial_shops, nicolae_shop_trees
D:5:      layout_basic, mainiacjoe_overflow_boulevard, portal_sewer_entry_e,
          minmay_holes
D:6:      layout_gridville, general_overflow_altar, temple_hall, uniq_pikel,
          uniq_grinder
D:7:      layout_layer_cave, mainiacjoe_overflow_swirl, fedhas_altar_1,
          minmay_bent
D:8:      layout_basic, lair_entry_dummy
D:9:      minmay_recursive_quarters, layout_layer_cave, lemuel_doored_altar,
          orc_0_dummy
Temple:   minmay_temple_curvy_branch
Lair:1:   layout_long_grid, basic_altar, gauntlet_entry_generic, st_stairs_13,
          uniq_joseph
Gauntlet: gammafunk_gauntlet_one_two_three [nicolae_gauntlet_arena_t_cross,
          gammafunk_gauntlet_arena_mazey, gammafunk_gauntlet_arena_chambers,
          nicolae_gauntlet_arena_x, nicolae_gauntlet_arena_blocks,
          gammafunk_gauntlet_arena_split_x, gammafunk_gauntlet_arena_corners,
          gammafunk_gauntlet_arena_grid, gammafunk_gauntlet_arena_split_diamond,
          nicolae_gauntlet_exit_dead_adventurers]

Skill      XL: |  1  2  3  4  5  6  7  8  9 10 11 |
---------------+----------------------------------+-----
Axes           | 3 4 5 6 8 9 10 11 | 11.0
Dodging        | 3 4 |  4.6
Fighting       | 4 5 6 |  6.5
Armour         | 3 4 5 7 9 |  9.2
Shields        | 2 3 |  3.3

Action                   |  1- 3 |  4- 6 |  7- 9 | 10-12 || total
-------------------------+-------+-------+-------+-------++-------
Melee: Hand axe          |   109 |   175 |       |       ||   284
       War axe           |       |    42 |    96 |       ||   138
       Broad axe         |       |       |   100 |   200 ||   300
Invok: Berserk           |     1 |     5 |     8 |     6 ||    20
       Trog's Hand       |       |       |     1 |     5 ||     6
       Brothers in Arms  |       |       |       |     1 ||     1
  Use: Potion            |       |     3 |       |     1 ||     4
       Scroll            |       |     4 |    12 |     4 ||    20
Armor: Animal skin       |    26 |    19 |       |       ||    45
       Skin              |       |     6 |       |       ||     6
       Scale mail        |       |    72 |   105 |    26 ||   203
       Plate armour      |       |       |       |    82 ||    82
Dodge: Dodged            |   104 |   128 |   101 |    78 ||   411
Block: Kite shield       |       |       |       |    50 ||    50
